[Event "December 5 Late 2023"]
[Site "https://www.chess.com"]
[Date "2023.12.05"]
[Round "4"]
[White "Stojanovski, Sandi"]
[Black "Buenafe Moya, Javier"]
[Result "1-0"]
[Board "120"]
[TimeControl "180+1"]
[WhiteFideId "1403249"]
[BlackFideId "2206412"]
[WhiteElo "2517"]
[BlackElo "2373"]
[WhiteTeam "DEN"]
[BlackTeam "ESP"]
[WhiteClock "0:00:09"]
[BlackClock "0:00:01"]

1. d3 g6 2. Nf3 Bg7 3. g3 f5 4. Bg2 Nf6 5. O-O d6 6. c4 O-O 7. Nc3 c6 8. Rb1 e5 9. b4 Kh8 10. Qc2 Be6 11. Bb2 Nbd7 12. e3 a5 13. a3 axb4 14. axb4 d5 15. cxd5 cxd5 16. Rfc1 e4 17. Nd4 Bg8 18. Ncb5 Qe7 19. Qc7 h6 20. Qxb7 Qxb4 21. Ba3 Qd2 22. Bxf8 Rxf8 23. dxe4 dxe4 24. Rc7 Ng4 25. Rf1 Bxd4 26. Rxd7 Nxe3 27. fxe3 Bxe3+ 28. Kh1 Qb2 29. Nd6 Qxb7 30. Nxb7 Ra8 31. Rd8 Ra2 32. Nd6 Kg7 33. Nxe4 fxe4 34. Bxe4 Bg5 35. Rd7+ Kh8 36. Bd5 Bxd5+ 37. Rxd5 Ra8 38. Rd7 Rg8 39. h4 Bd8 40. Rff7 Re8 41. Rh7+ Kg8 42. Rxh6 g5 43. Rg6+ Kf8 44. hxg5 Re1+ 45. Kg2 Bb6 46. Kh3 Rh1+ 47. Kg4 Bc5 48. Rc6 Bf2 49. Rc8# 1-0

[Event "December 5 Late 2023"]
[Site "https://www.chess.com"]
[Date "2023.12.05"]
[Round "4"]
[White "Hadzovic, Amir"]
[Black "Azali, Tannaz"]
[Result "1-0"]
[Board "121"]
[TimeControl "180+1"]
[WhiteFideId "14402300"]
[BlackFideId "12537721"]
[WhiteElo "2516"]
[BlackElo "2373"]
[WhiteTeam "BIH"]
[BlackTeam "IRI"]
[WhiteClock "0:00:33"]
[BlackClock "0:00:21"]

1. e4 c6 2. Nf3 d5 3. d3 Bg4 4. h3 Bh5 5. g4 Bg6 6. h4 dxe4 7. Ne5 exd3 8. Nxg6 hxg6 9. Bxd3 e5 10. g5 Bc5 11. Nc3 Ne7 12. Ne4 Bb6 13. Qf3 Nf5 14. Be3 Bxe3 15. fxe3 Qb6 16. O-O-O Nd7 17. h5 O-O-O 18. Kb1 Kb8 19. Rde1 Qa5 20. Nc3 Nc5 21. Bxf5 gxf5 22. Qxf5 Qc7 23. h6 gxh6 24. gxh6 Qd6 25. h7 f6 26. Rd1 Qe7 27. Rxd8+ Qxd8 28. Rg1 a5 29. Qg6 Ka7 30. Qg8 Ne6 31. Qxe6 Rxh7 32. a4 Rh2 33. Rg7 Qd2 34. Qb3 Rh1+ 35. Ka2 Qc1 36. Qxb7# 1-0

[Event "December 5 Late 2023"]
[Site "https://www.chess.com"]
[Date "2023.12.05"]
[Round "4"]
[White "Nita, Lucian"]
[Black "Shapiro, Viktor"]
[Result "0-1"]
[Board "122"]
[TimeControl "180+1"]
[WhiteFideId "1206923"]
[BlackFideId "4175700"]
[WhiteElo "2368"]
[BlackElo "2514"]
[WhiteTeam "ROU"]
[BlackTeam "RUS"]
[WhiteClock "0:00:19"]
[BlackClock "0:00:18"]

1. e4 c5 2. Nf3 d6 3. d3 Nc6 4. Be2 g6 5. O-O Bg7 6. c3 e6 7. d4 cxd4 8. cxd4 Nge7 9. Nc3 O-O 10. Bg5 h6 11. Be3 g5 12. d5 exd5 13. exd5 Ne5 14. Nxe5 Bxe5 15. Bd4 Ng6 16. Qd3 Nf4 17. Qd2 Re8 18. Bc4 a6 19. a4 Bf5 20. g3 Ng6 21. Rfe1 Qf6 22. Bxe5 Nxe5 23. Be2 g4 24. Qf4 Kg7 25. a5 Rac8 26. Rac1 Bd3 27. Qxf6+ Kxf6 28. Kg2 h5 29. h3 Bf5 30. hxg4 hxg4 31. f4 gxf3+ 32. Bxf3 Nd3 33. Rf1 Nxc1 34. Rxc1 Rc4 35. Rf1 Kg6 36. g4 Bxg4 37. Rg1 Bxf3+ 38. Kxf3+ Kf6 39. Ne4+ Rexe4 0-1

[Event "December 5 Late 2023"]
[Site "https://www.chess.com"]
[Date "2023.12.05"]
[Round "4"]
[White "Pesotskiy, Mikhail"]
[Black "Nery Junior, Jose Antonio"]
[Result "1-0"]
[Board "123"]
[TimeControl "180+1"]
[WhiteFideId "34164453"]
[BlackFideId "2104822"]
[WhiteElo "2514"]
[BlackElo "2364"]
[WhiteTeam "RUS"]
[BlackTeam "BRA"]
[WhiteClock "0:00:57"]
[BlackClock "0:00:00"]

1. d4 d5 2. c4 c6 3. Nf3 Nf6 4. Nbd2 e6 5. e3 Nbd7 6. b3 Bd6 7. Bb2 Qe7 8. Ne5 Ne4 9. Bd3 Nxd2 10. Qxd2 Nxe5 11. dxe5 Bb4 12. Bc3 Bxc3 13. Qxc3 O-O 14. O-O f5 15. exf6 Rxf6 16. e4 Rh6 17. Qe5 Qf6 18. Qxf6 Rxf6 19. exd5 exd5 20. cxd5 cxd5 21. Rac1 Rc6 22. Bb5 Rxc1 23. Rxc1 Bf5 24. f3 a6 25. Bf1 Rd8 26. Kf2 Kf7 27. Ke3 Rd7 28. Kd4 h5 29. g3 Ke6 30. Re1+ Kd6 31. Re5 Be6 32. Rxe6+ Kxe6 33. Bh3+ Ke7 34. Bxd7 Kxd7 35. Kxd5 Ke7 36. h4 g6 37. g4 g5 38. Ke4 hxg4 39. hxg5 g3 40. Ke3 Ke6 41. f4 Kf5 42. Kf3 g2 43. Kxg2 Kxf4 44. g6 1-0

[Event "December 5 Late 2023"]
[Site "https://www.chess.com"]
[Date "2023.12.05"]
[Round "4"]
[White "Kostiukov, Alexandr"]
[Black "Gutierrez Olivares, Daniel"]
[Result "1-0"]
[Board "124"]
[TimeControl "180+1"]
[WhiteFideId "14108100"]
[BlackFideId "2264005"]
[WhiteElo "2362"]
[BlackElo "2511"]
[WhiteTeam "UKR"]
[BlackTeam "ESP"]
[WhiteClock "0:00:23"]
[BlackClock "0:00:06"]

1. g3 e6 2. Bg2 Nf6 3. e4 d5 4. e5 Nfd7 5. d4 c5 6. c3 Nc6 7. Ne2 b6 8. O-O a5 9. a4 Ba6 10. Be3 Be7 11. Na3 O-O 12. Nb5 cxd4 13. cxd4 Nb4 14. Nec3 Nb8 15. Rc1 N8c6 16. Qg4 Qd7 17. Bh6 g6 18. Bxf8 Rxf8 19. Rfd1 f5 20. exf6 Rxf6 21. Re1 Nd3 22. Rcd1 Nxf2 23. Qe2 Nxd1 24. Rxd1 Bf8 25. Bh3 Kh8 26. Qe3 Bc8 27. Re1 Bb4 28. Re2 Kg7 29. Bg2 Qf7 30. h4 h5 31. Bh3 Kh7 32. Bg2 Bf8 33. Re1 Bh6 34. Qd3 Nb4 35. Qd1 Bf8 36. Qe2 Nc6 37. Bh3 Rf3 38. Kg2 Rf6 39. Kg1 Bb4 40. Bg2 Bd7 41. Qe3 Ne7 42. Nc7 Nf5 43. Qd3 Bd6 44. N7b5 Bxg3 45. Rf1 Bxh4 46. Qh3 Bg5 47. Kh1 Ng3+ 48. Qxg3 Rxf1+ 49. Bxf1 Qxf1+ 50. Qg1 Qxg1+ 51. Kxg1 Be3+ 52. Kg2 g5 53. Kf3 Bc1 54. b3 Kg6 55. Ne2 g4+ 56. Kf2 h4 57. Nxc1 Kf5 58. Nd6+ Kg5 59. Ne2 Kf6 60. Ke3 e5 61. dxe5+ Kxe5 62. Nf7+ Kf6 63. Nd6 Ke5 64. Nf7+ Kf5 65. Nd6+ Kg5 66. Nf7+ Kg6 67. Ne5+ Kf5 68. Nxd7 g3 69. Kf3 Ke6 70. Nxb6 Kd6 71. Kg4 Kc5 72. Kxh4 g2 73. Kg3 g1=Q+ 74. Nxg1 Kxb6 75. Nf3 Kc5 76. Nd2 Kb4 77. Kf2 Kc3 78. Ke2 d4 79. Kd1 d3 80. Kc1 Kb4 81. Kb2 Kc5 82. Kc3 Kd5 83. Nc4 Kc5 84. Kxd3 Kd5 85. Kc2 Kc5 86. Nxa5 Kb4 87. Nc4 Kc5 88. Kc3 1-0

[Event "December 5 Late 2023"]
[Site "https://www.chess.com"]
[Date "2023.12.05"]
[Round "4"]
[White "Gutkin, Ilya"]
[Black "Reprintsev, Alexander"]
[Result "1-0"]
[Board "125"]
[TimeControl "180+1"]
[WhiteFideId "16203470"]
[BlackFideId "14100541"]
[WhiteElo "2357"]
[BlackElo "2504"]
[WhiteTeam "GER"]
[BlackTeam "UKR"]
[WhiteClock "0:00:03"]
[BlackClock "0:00:00"]

1. e4 d5 2. exd5 Qxd5 3. Nc3 Qa5 4. Nf3 Nc6 5. a3 Nf6 6. Bb5 Bd7 7. O-O a6 8. Bc4 Bg4 9. h3 Bh5 10. d4 Qf5 11. Bd3 Qd7 12. Be2 O-O-O 13. Be3 e6 14. Qe1 Bxf3 15. Bxf3 Nxd4 16. Bxd4 Qxd4 17. Rd1 Qb6 18. Rxd8+ Kxd8 19. Qe5 Bd6 20. Qg5 Ke7 21. Ne4 Qd4 22. Rd1 Qe5 23. Qxe5 Bxe5 24. b4 c6 25. Nc5 Rb8 26. g4 Bd6 27. g5 Nd5 28. Ne4 f5 29. gxf6+ gxf6 30. Nxd6 Kxd6 31. c4 a5 32. cxd5 cxd5 33. b5 a4 34. Rd4 Ra8 35. Rb4 b6 36. Bd1 Kc5 37. Bxa4 Ra5 38. Kg2 e5 39. Kf3 f5 40. Ke3 d4+ 41. Kd3 e4+ 42. Kc2 f4 43. Kb2 h5 44. Kc2 h4 45. Kd2 Ra8 46. Bc2 Re8 47. Ke2 1-0

[Event "December 5 Late 2023"]
[Site "https://www.chess.com"]
[Date "2023.12.05"]
[Round "4"]
[White "Micic, Aleksa"]
[Black "Rees, Ioan"]
[Result "0-1"]
[Board "126"]
[TimeControl "180+1"]
[WhiteFideId "989940"]
[BlackFideId "1801236"]
[WhiteElo "2354"]
[BlackElo "2503"]
[WhiteTeam "SRB"]
[BlackTeam "WLS"]
[WhiteClock "0:00:13"]
[BlackClock "0:00:29"]

1. d4 Nf6 2. Nc3 d5 3. Bf4 e6 4. Nb5 Na6 5. e3 Be7 6. a4 O-O 7. h3 Bd7 8. Nf3 c6 9. Na3 c5 10. c3 Ne4 11. Nb5 c4 12. Be2 Bxb5 13. axb5 Nc7 14. Qa4 a6 15. bxa6 Rxa6 16. Qd1 Bd6 17. Bxd6 Qxd6 18. O-O Rfa8 19. Rxa6 Qxa6 20. Nd2 f5 21. Nxe4 dxe4 22. b3 b5 23. bxc4 bxc4 24. Qb1 Nd5 25. Rc1 h6 26. g3 Kh7 27. Qb2 Ra7 28. Rb1 Qa4 29. Kg2 Ra6 30. Bd1 Qa2 31. Be2 Qa4 32. Bd1 Qa3 33. Qc2 Qxc3 34. Rc1 Qxc2 35. Rxc2 c3 36. Be2 Ra3 37. Bc4 Kg6 38. g4 Kf6 39. gxf5 Kxf5 40. Bxd5 exd5 41. f3 g5 42. Kg3 Rb3 43. Rc1 c2 44. fxe4+ Kxe4 45. Rxc2 Rxe3+ 46. Kg4 Kxd4 47. h4 Re4+ 48. Kf5 Rxh4 49. Rd2+ Kc4 50. Kg6 d4 51. Kf5 d3 0-1

[Event "December 5 Late 2023"]
[Site "https://www.chess.com"]
[Date "2023.12.05"]
[Round "4"]
[White "Calin, Alexandru"]
[Black "Prokhorov, Oleksandr"]
[Result "1-0"]
[Board "127"]
[TimeControl "180+1"]
[WhiteFideId "1222961"]
[BlackFideId "14105578"]
[WhiteElo "2503"]
[BlackElo "2342"]
[WhiteTeam "ROU"]
[BlackTeam "UKR"]
[WhiteClock "0:00:10"]
[BlackClock "0:00:03"]

1. d4 d6 2. Nf3 Bg4 3. e4 Nc6 4. Bc4 e6 5. Nc3 Nf6 6. Be3 Be7 7. Qd2 a6 8. h3 Bxf3 9. gxf3 b5 10. Nxb5 Rb8 11. Nc3 Rxb2 12. Bb3 d5 13. e5 Bb4 14. exf6 Qxf6 15. O-O Qxf3 16. Qe2 Qxh3 17. Nd1 Rxb3 18. axb3 Bd6 19. f4 O-O 20. Qg2 Qf5 21. c4 Nb4 22. c5 Be7 23. Rc1 Bh4 24. Nf2 a5 25. Ng4 Kh8 26. Ne5 g6 27. Qg4 Qe4 28. Qf3 Qf5 29. Qg4 Qe4 30. Qxh4 Qxe3+ 31. Qf2 Qxb3 32. Qf3 Qxf3 33. Rxf3 Kg7 34. Ra3 f6 35. Nd3 Nc6 36. Ra4 Rb8 37. Kf2 g5 38. fxg5 fxg5 39. Rg1 Kg6 40. Nf4+ Kf5 41. Nh5 g4 42. Ng3+ Kf4 43. Ne2+ Ke4 44. Ra3 e5 45. Re3+ Kf5 46. dxe5 Nxe5 47. Nd4+ Kf6 48. Rf1 Rb2+ 49. Kg3+ Kg6 50. Rxe5 Rd2 51. Re6+ Kg7 52. Nf5+ Kg8 53. Re8+ Kf7 54. Nd6+ Kg6 55. Re6+ Kg7 56. Rf7+ Kg8 57. Re8# 1-0

[Event "December 5 Late 2023"]
[Site "https://www.chess.com"]
[Date "2023.12.05"]
[Round "4"]
[White "Baches Garcia, Guillermo"]
[Black "Kappeler, Kaspar"]
[Result "1-0"]
[Board "128"]
[TimeControl "180+1"]
[WhiteFideId "2209764"]
[BlackFideId "1309072"]
[WhiteElo "2502"]
[BlackElo "2330"]
[WhiteTeam "ESP"]
[BlackTeam "SUI"]
[WhiteClock "0:00:28"]
[BlackClock "0:00:01"]

1. Nf3 Nf6 2. d4 e6 3. Bg5 Be7 4. Nbd2 d5 5. e3 O-O 6. Bd3 b6 7. c3 Ba6 8. Bxa6 Nxa6 9. Qe2 Nb8 10. Ne5 Nfd7 11. Bxe7 Qxe7 12. f4 Nxe5 13. fxe5 c5 14. O-O Nd7 15. Qh5 b5 16. Rf4 b4 17. Raf1 Rab8 18. Nf3 f5 19. exf6 Rxf6 20. Ne5 Rxf4 21. Rxf4 Nf6 22. Qe2 bxc3 23. bxc3 Rb1+ 24. Rf1 Qb7 25. h3 Rb2 26. Qf3 cxd4 27. cxd4 Rxa2 28. Ng4 Qe7 29. Qg3 Nd7 30. Nh6+ Kh8 31. Rf7 Ra1+ 32. Kh2 Qg5 1-0

[Event "December 5 Late 2023"]
[Site "https://www.chess.com"]
[Date "2023.12.05"]
[Round "4"]
[White "Ramadoss, Ashokkumar"]
[Black "Bayo Milagro, Alvaro"]
[Result "0-1"]
[Board "129"]
[TimeControl "180+1"]
[WhiteFideId "5040990"]
[BlackFideId "22275240"]
[WhiteElo "2330"]
[BlackElo "2499"]
[WhiteTeam "IND"]
[BlackTeam "ESP"]
[WhiteClock "0:00:11"]
[BlackClock "0:00:58"]

1. Nf3 Nf6 2. c4 g6 3. Nc3 Bg7 4. e4 d6 5. d4 Bg4 6. Be2 Nfd7 7. O-O Bxf3 8. Bxf3 Nc6 9. Be3 e5 10. d5 Nd4 11. Nb5 Nxf3+ 12. Qxf3 O-O 13. Qe2 f5 14. f3 a6 15. Nc3 Qh4 16. b4 Bh6 17. Bxh6 Qxh6 18. Rac1 a5 19. a3 axb4 20. axb4 Nf6 21. Ra1 Nh5 22. c5 Nf4 23. Qc2 Qg5 24. Kh1 Qe7 25. Nb5 Rac8 26. Ra7 fxe4 27. Qxe4 Rb8 28. Rc1 Nxg2 29. cxd6 cxd6 30. Rc7 Qg5 31. Raxb7 Rxb7 32. Rxb7 Ne3 33. Qc2 Nxc2 0-1

[Event "December 5 Late 2023"]
[Site "https://www.chess.com"]
[Date "2023.12.05"]
[Round "4"]
[White "youngdinousaur"]
[Black "Kovalevsky, Stanislav"]
[Result "0-1"]
[Board "130"]
[TimeControl "180+1"]
[BlackFideId "13508598"]
[WhiteElo "2328"]
[BlackElo "2497"]
[BlackTeam "FID"]
[WhiteClock "0:00:03"]
[BlackClock "0:00:16"]

1. d4 d5 2. Nf3 Nf6 3. Bf4 c5 4. e3 e6 5. Nbd2 Nc6 6. c3 Bd6 7. Bg3 a6 8. Bd3 O-O 9. Ne5 Bxe5 10. dxe5 Nd7 11. f4 d4 12. exd4 cxd4 13. O-O b5 14. Ne4 dxc3 15. bxc3 Nb6 16. Qf3 Ne7 17. Rad1 Qc7 18. Bf2 Bb7 19. Qh5 Bxe4 20. Bxe4 g6 21. Qh3 Rad8 22. Bh4 Rxd1 23. Rxd1 Ned5 24. Bg5 Re8 25. Qh6 Qc5+ 26. Kh1 Qf8 27. Qh3 Rc8 28. Rd3 b4 29. Bh6 Qe8 30. Rd1 Nxc3 31. Rf1 Nxe4 32. f5 exf5 33. Qh4 Qxe5 34. g4 Nf6 35. gxf5 Qe4+ 36. Qxe4 Nxe4 37. fxg6 hxg6 0-1

[Event "December 5 Late 2023"]
[Site "https://www.chess.com"]
[Date "2023.12.05"]
[Round "4"]
[White "Mazurkiewicz, Michal"]
[Black "Mazzilli, Piero"]
[Result "1-0"]
[Board "131"]
[TimeControl "180+1"]
[WhiteFideId "1124943"]
[BlackFideId "807087"]
[WhiteElo "2496"]
[BlackElo "2327"]
[WhiteTeam "POL"]
[BlackTeam "ITA"]
[WhiteClock "0:01:02"]
[BlackClock "0:00:00"]

1. e4 c5 2. Nf3 d6 3. g3 Nf6 4. d3 Nc6 5. Bg2 g6 6. O-O Bg7 7. Re1 O-O 8. e5 Nd5 9. exd6 Qxd6 10. Nbd2 b6 11. Nc4 Qc7 12. Nfe5 e6 13. Nxc6 Qxc6 14. Ne5 Bxe5 15. Rxe5 Bb7 16. Bh6 Rfe8 17. c4 Qc7 18. Qe1 Nb4 19. Bxb7 Qxb7 20. Qc3 Rad8 21. Rxc5 f6 22. Qxb4 1-0

[Event "December 5 Late 2023"]
[Site "https://www.chess.com"]
[Date "2023.12.05"]
[Round "4"]
[White "Rose, Felix"]
[Black "Lin, Bryan Enming"]
[Result "0-1"]
[Board "132"]
[TimeControl "180+1"]
[WhiteFideId "5105722"]
[BlackFideId "30987121"]
[WhiteElo "2316"]
[BlackElo "2490"]
[WhiteTeam "MEX"]
[BlackTeam "USA"]
[WhiteClock "0:00:41"]
[BlackClock "0:00:37"]

1. d4 Nf6 2. Bf4 d5 3. e3 e6 4. Nf3 c5 5. Nbd2 Bd6 6. Ne5 O-O 7. c3 Qc7 8. Bd3 Nbd7 9. Ndf3 Rb8 10. h4 Ne4 11. Nxd7 Bxd7 12. Bxd6 Qxd6 13. Ng5 Nf6 14. f4 Rfc8 15. O-O b5 16. Nf3 b4 17. Ne5 Bb5 18. f5 bxc3 19. bxc3 Bxd3 20. Qxd3 cxd4 21. cxd4 exf5 22. Qxf5 Qe6 23. Qg5 h6 24. Qf4 Rb2 25. Rf2 Rxf2 26. Qxf2 Ne4 27. Qf4 Rc2 28. Rb1 Rf2 29. Rb8+ Kh7 30. Qg4 Qxg4 31. Nxg4 Rxa2 32. Rb7 Ra1+ 33. Kh2 Nd6 34. Rd7 Ra6 35. Ne5 f6 36. Nd3 Nf5 37. Nc5 Ra3 38. e4 dxe4 39. Nxe4 Ra4 40. Nxf6+ Kg6 41. Ng4 Rxd4 42. Ne5+ Kf6 43. Rxd4 Nxd4 44. Nd7+ Ke7 45. Nc5 Kd6 46. Nd3 a5 47. Kg3 a4 48. Kf4 a3 49. Nb4 Ke6 50. Ke4 Nb3 51. g4 Nc1 52. g5 a2 53. Nxa2 Nxa2 54. gxh6 gxh6 55. Kf4 Kf6 56. Kg4 Kg7 57. Kh5 Nb4 58. Kg4 Na6 59. Kf5 Nc7 60. Kg4 Ne6 61. Kf5 Nf8 62. h5 Nh7 63. Kg4 Nf6+ 64. Kh4 Kf7 65. Kg3 Ke6 66. Kh3 Ke5 67. Kh4 Kf5 68. Kh3 Kg5 69. Kh2 Kxh5 70. Kh3 Kg5 71. Kg3 h5 72. Kf3 Kg6 73. Kf4 Nh7 74. Kg3 Nf8 75. Kf4 Nd7 76. Kg3 Nb8 77. Kf4 Kf6 78. Kg3 Kg5 79. Kf3 h4 80. Kg2 Nd7 81. Kf3 Nf6 82. Kg2 Nh5 83. Kf3 Nf4 84. Kf2 Kg4 85. Kg1 h3 86. Kh1 Kg3 87. Kg1 Nd3 88. Kh1 Nf2+ 89. Kg1 h2+ 90. Kf1 h1=Q+ 91. Ke2 Qd1+ 92. Ke3 Qd3# 0-1

[Event "December 5 Late 2023"]
[Site "https://www.chess.com"]
[Date "2023.12.05"]
[Round "4"]
[White "Silvestre, Christian"]
[Black "Bold, Andre"]
[Result "0-1"]
[Board "133"]
[TimeControl "180+1"]
[WhiteFideId "30956269"]
[BlackFideId "16208471"]
[WhiteElo "2315"]
[BlackElo "2490"]
[WhiteTeam "USA"]
[BlackTeam "GER"]
[WhiteClock "0:00:21"]
[BlackClock "0:00:40"]

1. e4 c6 2. Nc3 d5 3. Qe2 d4 4. Nd1 e5 5. d3 c5 6. g3 Nc6 7. Bh3 Bd6 8. Bxc8 Qxc8 9. Nf3 Qe6 10. Bd2 O-O-O 11. O-O h5 12. Ng5 Qg6 13. f4 exf4 14. gxf4 h4 15. Kh1 f6 16. f5 Qe8 17. Ne6 Rd7 18. c3 Nd8 19. cxd4 Nxe6 20. fxe6 Qxe6 21. d5 Qe5 22. Bf4 Qd4 23. Be3 Qe5 24. Bf4 Qe7 25. Nc3 Bxf4 26. Rxf4 a6 27. Rc1 Kb8 28. Na4 Rc7 29. Nb6 Qd6 30. e5 Qxb6 31. d6 Rc8 32. b4 fxe5 33. Qxe5 Ka7 34. bxc5 Qc6+ 35. Kg1 Nf6 36. d4 h3 37. Rf2 Rh5 38. Qe3 Re8 39. Qb3 Rg5+ 40. Kf1 Qh1# 0-1

[Event "December 5 Late 2023"]
[Site "https://www.chess.com"]
[Date "2023.12.05"]
[Round "4"]
[White "Minko, Dmitry"]
[Black "Antonio, Jorge Carlos"]
[Result "1-0"]
[Board "134"]
[TimeControl "180+1"]
[WhiteFideId "24188468"]
[BlackFideId "113190"]
[WhiteElo "2482"]
[BlackElo "2314"]
[WhiteTeam "FID"]
[BlackTeam "ARG"]
[WhiteClock "0:00:48"]
[BlackClock "0:00:59"]

1. e4 c5 2. Nf3 e6 3. d4 cxd4 4. Nxd4 a6 5. Bd3 Nc6 6. Nxc6 bxc6 7. c4 d5 8. Nd2 Nf6 9. O-O Be7 10. Qc2 d4 11. e5 Nd7 12. f4 c5 13. Nf3 Bb7 14. b3 g6 15. Qe2 h5 16. Bd2 Qc7 17. Rae1 O-O 18. Qf2 Kg7 19. Qg3 Rh8 20. f5 exf5 21. Bxf5 Bxf3 22. Rxf3 h4 23. Qg4 Nf8 24. e6 f6 25. Ref1 h3 26. Rxh3 Rxh3 27. Qxh3 Nh7 28. Qh6+ Kg8 29. Qxg6+ Kh8 30. Qxh7# 1-0

[Event "December 5 Late 2023"]
[Site "https://www.chess.com"]
[Date "2023.12.05"]
[Round "4"]
[White "Khokhlova, Daria"]
[Black "Villa Tornero, Alex"]
[Result "1-0"]
[Board "135"]
[TimeControl "180+1"]
[WhiteFideId "24182729"]
[BlackFideId "54501091"]
[WhiteElo "2312"]
[BlackElo "2482"]
[WhiteTeam "FID"]
[BlackTeam "ESP"]
[WhiteClock "0:01:35"]
[BlackClock "0:02:26"]

1. d4 a6 2. e4 b5 3. Nf3 Bb7 4. Bd3 g6 5. O-O Bg7 6. a4 b4 7. c3 Nf6 8. e5 Nd5 9. c4 Nb6 10. a5 Nc8 11. Be3 O-O 12. Nbd2 d5 13. exd6 Bd5 14. cxd5 Nxd6 15. Ne4 Nf5 16. Nc5 Nd6 17. Ne5 Ra7 18. Qb3 f6 19. Nc6 Nxc6 20. dxc6+ Kh8 21. Ne6 Qc8 22. Nxf8 Qxf8 23. Qxb4 Ra8 24. d5 Rb8 25. Qc3 f5 26. Bd4 e5 27. Bxe5 1-0

[Event "December 5 Late 2023"]
[Site "https://www.chess.com"]
[Date "2023.12.05"]
[Round "4"]
[White "Mohammad, Fahim"]
[Black "Ventura Bolet, Maxim"]
[Result "0-1"]
[Board "136"]
[TimeControl "180+1"]
[WhiteFideId "10206248"]
[BlackFideId "22238824"]
[WhiteElo "2309"]
[BlackElo "2481"]
[WhiteTeam "FRA"]
[BlackTeam "ESP"]
[WhiteClock "0:00:59"]
[BlackClock "0:01:38"]

1. d4 Nf6 2. Nf3 g6 3. c4 d6 4. Nc3 Nbd7 5. e4 e5 6. Be2 Bg7 7. Be3 O-O 8. d5 a5 9. h3 Nc5 10. Nd2 b6 11. b3 Ne8 12. a3 f5 13. f3 Bh6 14. Bf2 a4 15. Nxa4 b5 16. Nxc5 dxc5 17. Bxc5 Nd6 18. Qc2 bxc4 19. Nxc4 fxe4 20. Qxe4 Nxe4 0-1

[Event "December 5 Late 2023"]
[Site "https://www.chess.com"]
[Date "2023.12.05"]
[Round "4"]
[White "Tabuenca Mendataurigoitia, Daniel"]
[Black "Rian, Kapriaga"]
[Result "1-0"]
[Board "137"]
[TimeControl "180+1"]
[WhiteFideId "24563617"]
[BlackFideId "7103263"]
[WhiteElo "2480"]
[BlackElo "2308"]
[WhiteTeam "ESP"]
[BlackTeam "INA"]
[WhiteClock "0:00:27"]
[BlackClock "0:00:00"]

1. d4 Nf6 2. Nc3 d5 3. Bf4 c6 4. e3 g6 5. f3 Bg7 6. g4 b5 7. h4 h5 8. g5 Nfd7 9. Nge2 b4 10. Na4 Nb6 11. c3 a5 12. Kf2 O-O 13. Ng3 N8d7 14. Rc1 e5 15. dxe5 Nxe5 16. Bxe5 Bxe5 17. f4 Bg7 18. Nxb6 Qxb6 19. Bd3 Bg4 20. Be2 Bd7 21. Re1 f6 22. Qd4 Qd8 23. Qd3 fxg5 24. hxg5 Qxg5 25. Bf3 Qf6 26. Rg1 Rae8 27. Rg2 h4 28. Ne2 h3 29. Rxg6 Qh4+ 30. Rg3 Bf5 31. Qd2 h2 32. Rh1 Kf7 33. cxb4 axb4 34. Kg2 Rh8 35. Nd4 Be4 36. Bxe4 Rxe4 37. Rxg7+ 1-0

[Event "December 5 Late 2023"]
[Site "https://www.chess.com"]
[Date "2023.12.05"]
[Round "4"]
[White "Skibbe, Willi"]
[Black "Novik, Maxim"]
[Result "1-0"]
[Board "138"]
[TimeControl "180+1"]
[WhiteFideId "4682190"]
[BlackFideId "4102924"]
[WhiteElo "2302"]
[BlackElo "2477"]
[WhiteTeam "GER"]
[BlackTeam "LTU"]
[WhiteClock "0:00:05"]
[BlackClock "0:00:00"]

1. d4 Nf6 2. c4 g6 3. Nc3 d5 4. Bf4 Bg7 5. e3 c5 6. dxc5 Qa5 7. Rc1 Ne4 8. Ne2 dxc4 9. Qd5 Nxc5 10. Qxc4 O-O 11. Nd4 Ne6 12. Qb5 Qxb5 13. Ndxb5 Nxf4 14. Nc7 Ne6 15. Nxa8 Nc6 16. Bc4 Bd7 17. Bxe6 fxe6 18. Nc7 a6 19. Rd1 Ne5 20. f4 Rc8 21. Nxa6 bxa6 22. fxe5 Be8 23. O-O Bxe5 24. Rc1 Rb8 25. b3 Bc6 26. Ne2 Bd5 27. Nd4 Bg7 28. Nc2 a5 29. Nd4 Bh6 30. Kf2 a4 31. Ke2 e5 32. Nc6 Rb7 33. Rfd1 e6 34. e4 Bxe4 35. Rc4 Bd5 36. Nd8 Bxc4+ 37. bxc4 Rb2+ 38. Kf3 Rxa2 39. Nxe6 a3 40. Rd3 Ra1 41. Rd8+ Kf7 42. Ra8 Bc1 43. Nd8+ Kf6 44. Nc6 Bb2 45. Ra6 Kf5 46. g4+ Kg5 47. Ne7 a2 48. Kg2 1-0

[Event "December 5 Late 2023"]
[Site "https://www.chess.com"]
[Date "2023.12.05"]
[Round "4"]
[White "sina101"]
[Black "Shapiro, Daniel"]
[Result "1-0"]
[Board "139"]
[TimeControl "180+1"]
[BlackFideId "2001780"]
[WhiteElo "2476"]
[BlackElo "2296"]
[BlackTeam "USA"]
[WhiteClock "0:00:03"]
[BlackClock "0:00:00"]

1. e4 c5 2. Nf3 Nc6 3. b3 d6 4. Bb2 e6 5. Be2 Nf6 6. Nc3 a6 7. a4 h6 8. O-O Be7 9. d4 cxd4 10. Nxd4 Bd7 11. Re1 Qc7 12. Nxc6 Bxc6 13. Bf3 O-O 14. Qe2 Rac8 15. Rad1 Rfe8 16. Nb1 b5 17. axb5 axb5 18. Nd2 Nd7 19. c4 Qb7 20. Qe3 Ne5 21. Be2 Bd8 22. c5 Bc7 23. f4 Ng6 24. cxd6 Bxd6 25. e5 Bf8 26. Qg3 Bc5+ 27. Kh1 Ne7 28. Bd3 Red8 29. Bb1 Bb4 30. Re2 Rd7 31. Bc1 Rcd8 32. Qf2 Nd5 33. Ne4 Nc3 34. Rxd7 Rxd7 35. Nxc3 Bxc3 36. h3 Rd1+ 37. Kh2 Rxc1 38. Bd3 Rd1 39. Bc2 Rd8 40. f5 Qd7 41. f6 Qd5 42. Qg3 g5 43. Re3 Qxg2+ 44. Qxg2 Bxg2 45. Rxc3 Bd5 46. Kg3 1-0

[Event "December 5 Late 2023"]
[Site "https://www.chess.com"]
[Date "2023.12.05"]
[Round "4"]
[White "Ozen, Metehan"]
[Black "Dong, Kyle Qiyu"]
[Result "1/2-1/2"]
[Board "140"]
[TimeControl "180+1"]
[WhiteFideId "34596054"]
[BlackFideId "30977380"]
[WhiteElo "2474"]
[BlackElo "2267"]
[WhiteTeam "TUR"]
[BlackTeam "USA"]
[WhiteClock "0:00:38"]
[BlackClock "0:00:27"]

1. c4 c5 2. Nc3 Nc6 3. g3 g6 4. Bg2 Bg7 5. d3 e5 6. Qd2 Nge7 7. b3 d6 8. Bb2 Be6 9. e3 d5 10. Nge2 O-O 11. O-O dxc4 12. bxc4 Bxc4 13. Rfd1 Be6 14. Ne4 b6 15. f4 Rc8 16. Rf1 f5 17. Ng5 Bd5 18. fxe5 Nxe5 19. Nf4 Bxg2 20. Qxg2 Qd6 21. Nge6 Bf6 22. Nxf8 Rxf8 23. Rad1 Rd8 24. d4 Nc4 25. dxc5 Qxd1 26. Bxf6 Nxe3 27. Bxe7 Nxf1 28. Qxf1 Qd4+ 29. Qf2 Qd1+ 30. Qf1 Qd4+ 31. Qf2 Qd1+ 32. Qf1 1/2-1/2

[Event "December 5 Late 2023"]
[Site "https://www.chess.com"]
[Date "2023.12.05"]
[Round "4"]
[White "Coca, Cristi-Iulian"]
[Black "Golubenko, Valentina"]
[Result "1-0"]
[Board "141"]
[TimeControl "180+1"]
[WhiteFideId "1237004"]
[BlackFideId "4501993"]
[WhiteElo "2472"]
[BlackElo "2233"]
[WhiteTeam "ROU"]
[BlackTeam "CRO"]
[WhiteClock "0:00:44"]
[BlackClock "0:00:01"]

1. e4 e6 2. d4 d5 3. Nc3 Nf6 4. exd5 exd5 5. Bd3 Bd6 6. Nf3 O-O 7. O-O c5 8. Bg5 Be6 9. dxc5 Bxc5 10. Ne2 Nc6 11. c3 h6 12. Bh4 Bg4 13. Nfd4 Nxd4 14. cxd4 Bxd4 15. h3 Bxe2 16. Qxe2 Qb6 17. Rad1 Qxb2 18. Qf3 b6 19. Qf5 g6 20. Qf4 Kg7 21. Bxg6 fxg6 22. Rxd4 Rae8 23. Rfd1 g5 24. Qg3 Ne4 25. Qg4 Nxf2 26. Bxf2 Qxf2+ 27. Kh1 Qf5 28. Qg3 Re5 29. Qc3 Rfe8 30. Rxd5 Kg6 31. Rd6+ R8e6 32. Rd8 Qf4 33. Qc2+ Qf5 34. Qc3 Qf4 35. Rg1 Qf5 36. Rg8+ Kf7 37. Qc8 Re8 38. Qc4+ Qe6 39. Rxe8 Kxe8 40. Qa4+ Ke7 41. Qxa7+ Kf6 42. Qa8 Kg6 43. Qf3 Re1 44. Qd3+ Kg7 45. Qc3+ Qf6 46. Qxe1 Kg6 47. Qe4+ 1-0